 Dungeon Crawl Stone Soup version 0.25-a0-166-g16436c4 (webtiles) character file.

Game seed: 11630897598112434417, levelgen mode: deterministic

5583 DrEnzyme the Slasher (level 11, -5/80 HPs)
             Began as a Formicid Wanderer on Nov 22, 2019.
             Was a Follower of the Shining One.
             Slain by a komodo dragon (19 damage)
             ... on level 9 of the Dungeon on Nov 23, 2019.
             The game lasted 01:12:55 (18308 turns).

DrEnzyme the Slasher (Formicid Wanderer)           Turns: 18308, Time: 01:12:55

Health: -5/80      AC:  8    Str: 19    XL:     11   Next: 2%
Magic:  20/20      EV: 12    Int: 13    God:    the Shining One [*.....]
Gold:   219        SH: 12    Dex: 14    Spells: 16/22 levels left

rFire    . . .     SeeInvis +   m - +0 long sword (slice)
rCold    . . .     Gourm    .   p - +0 buckler
rNeg     . . .     Faith    .   s - +3 leather armour
rPois    .         Spirit   .   (helmet unavailable)
rElec    .         Reflect  +   (no cloak)
rCorr    .         Harm     .   G - +0 pair of gloves
MR       ++...                  (no boots)
Stlth    +.........             g - +6 amulet of reflection
HPRegen  0.23/turn              F - ring of protection from magic
MPRegen  0.17/turn              e - +4 ring of dexterity

@: glowing
A: permanent stasis, dig shafts and tunnels, four strong arms, antennae 3
a: Dig, Shaft Self, Renounce Religion


You were on level 9 of the Dungeon.
You worshipped the Shining One.
The Shining One was aware of your devotion.
You were not hungry.

You visited 3 branches of the dungeon, and saw 11 of its levels.
You also visited: Ossuary.

You collected 404 gold pieces.
You spent 185 gold pieces at shops.

Inventory:

Hand Weapons
 a - a +2 short sword
 m - a +0 long sword of slicing (weapon)
 x - a +2 dagger of speed
 N - a +4 long sword of freezing
Missiles
 l - 17 poisoned darts (quivered)
Armour
 d - a +0 robe
 p - a +0 buckler (worn)
 s - a +3 leather armour (worn)
 B - a +0 scale mail
 G - a +0 pair of gloves (worn)
Jewellery
 e - a +4 ring of dexterity (right hand)
 g - a +6 amulet of reflection (around neck)
 i - an uncursed ring of fire {unknown}
 j - an uncursed amulet of harm {unknown}
 A - an uncursed ring of flight
 F - a ring of protection from magic (left hand)
 M - a +3 ring of evasion
Wands
 n - a wand of disintegration (4)
 y - a wand of flame (17)
 z - a wand of polymorph (16)
 I - a wand of iceblast (7)
Scrolls
 c - 2 scrolls of amnesia
 o - 3 scrolls of remove curse
 r - a scroll of summoning {unknown}
 t - a scroll of noise {unknown}
 v - a scroll of fog
 w - 2 scrolls of enchant armour
 C - a scroll of magic mapping
 D - 2 scrolls of enchant weapon
 E - a scroll of immolation
 H - a scroll of acquirement {unknown}
 L - 2 scrolls of random uselessness {unknown}
Potions
 b - a potion of resistance
 h - 2 potions of agility
 q - a potion of brilliance
 u - 3 potions of curing
 J - a potion of mutation
 K - a potion of cancellation
Comestibles
 f - 14 rations


   Skills:
 * Level 5.4 Fighting
 + Level 5.7(7.2) Short Blades
 * Level 6.9(7.9) Long Blades
 - Level 0.2 Throwing
 * Level 5.7 Armour
 - Level 2.6 Dodging
 + Level 4.2 Stealth
 + Level 6.7 Shields
 + Level 6.2 Spellcasting
 + Level 0.9 Conjurations
 + Level 5.0 Hexes
   Level 0.9 Necromancy
 + Level 3.2 Ice Magic
 + Level 1.1 Evocations


You had 16 spell levels left.
You knew the following spells:

 Your Spells              Type           Power        Failure   Level  Hunger
a - Ensorcelled Hibernat  Hex/Ice        ##....       5%          2    #......
b - Throw Frost           Conj/Ice       #.....       12%         2    #......
c - Confusing Touch       Hex            ###...       2%          1    None
d - Apportation           Tloc           #.....       19%         1    None

Your spell library contained the following spells:

 Spells                   Type           Power        Failure   Level  Hunger
 Animate Skeleton         Necr           N/A          13%         1    None
 Magic Dart               Conj           #...         13%         1    None
 Dazzling Spray           Conj/Hex       ##....       17%         3    ###....
 Summon Small Mammal      Summ           #...         19%         1    None
 Searing Ray              Conj           #.....       21%         2    #......
 Fulminant Prism          Conj/Hex       ##........   50%         4    ####...
 Iskenderun's Mystic Bla  Conj           #.......     78%         4    ####...
 Force Lance              Conj/Tloc      #.......     83%         4    ####...


Dungeon Overview and Level Annotations

Branches:
Dungeon (9/15)             Temple (1/1) D:6            Lair (1/6) D:9
Ossuary (visited)
    Orc: D:9-12

Altars:
Ashenzari
Cheibriados
Dithmenos
Elyvilon
Fedhas
Gozag
Hepliaklqana
Kikubaaqudgha
Makhleb
Nemelex Xobeh
Okawaru
Qazlal
Ru
Sif Muna
Trog
Uskayaw
Vehumet
Wu Jian
Xom
Yredelemnul
Zin
The Shining One

Shops:
D:5 ?   D:6 *   D:7 %

Annotations:
D:2 1 runed translucent door, Crazy Yiuf
D:3 exclusion: ogre


Innate Abilities, Weirdness & Mutations

You cannot be hasted, slowed, berserked, paralysed or teleported.
You can dig through walls and to a lower floor.
Your four strong arms can wield two-handed weapons with a shield.
You have a pair of large antennae on your head. (SInv)


Message History

* * * LOW HITPOINT WARNING * * *
You feel much better.
The komodo dragon bites you but does no damage.
Evoke which item? (* to show all) (? for menu, Esc to quit)
Aiming: Iceblast
Press: ? - help, Shift-Dir - straight line, p - komodo dragon The mass of ice explodes!
The iceblast engulfs the fungus!!
The fungus is heavily damaged.
The iceblast engulfs the komodo dragon!
The komodo dragon is moderately wounded.
You hear a croak.
The komodo dragon barely misses you.
Your hands stop glowing.
There is a staircase back to the Dungeon here.
The komodo dragon bites you!
* * * LOW HITPOINT WARNING * * *
You climb upwards.
Welcome back to the Dungeon!
There is a staircase to the Lair here.
The komodo dragon bites you!!
You die...

######### #.......###
######### #.......'.#
#....>..# ####.......#.#
#.......# #..'.......#.#
#.......#
..##.).....#.###.......#
.###.......#..##>l.....# # ##
#.......##..#@......# #
#.......###.#.......##########
#.......# #.'.......##........
#....<..# ###.......'..#######
#########'## #.......####
≈≈≈≈≈###..# ##...####
≈≈≈≈≈≈##### #######.###
≈...≈≈#### #.........# #####
≈._...'..####.........###
#....


You could see a komodo dragon.

Vanquished Creatures
  3 hippogriffs
  A wyvern (D:7)
  5 yaks
  6 black bears
  2 orc warriors
  2 ice beasts (D:9)
  2 sky beasts
  2 necrophages
  3 ogres
  3 centaurs
  A crocodile (Lair:1)
  A gnoll sergeant (D:8)
  3 bullfrogs
  5 killer bees (D:7)
  4 wights (D:6)
  A howler monkey (D:5)
  6 crimson imps
  A bullfrog zombie (D:9)
  A jelly (D:8)
  A quasit (D:8)
  4 orc priests
  A centaur skeleton (D:9)
  2 hounds
  Jessica (D:2)
  2 iguanas
  11 orc wizards
  6 worker ants
  2 hound skeletons
  14 mummies (Ossuary)
  2 worker ant zombies
  11 gnolls
  A howler monkey skeleton (D:4)
  10 adders
  A shadow imp (D:8)
  5 oozes
  An adder zombie (D:6)
  An adder skeleton (D:6)
  3 worms
  8 leopard geckos
  35 orcs
  8 giant cockroaches
  2 gnoll zombies (D:3)
  12 goblins
  11 hobgoblins
  12 jackals
  A quokka (D:3)
  2 ball pythons
  7 bats
  5 frilled lizards
  2 gnoll skeletons (Ossuary)
  2 goblin skeletons (Ossuary)
  9 kobolds
  A kobold skeleton (Ossuary)
  A kobold zombie (D:6)
  3 orc skeletons (Ossuary)
  A quokka zombie (D:9)
  9 rats
  11 rat skeletons (Ossuary)
  A rat zombie (D:6)
274 creatures vanquished.

Vanquished Creatures (collateral kills)
  A centaur skeleton (D:5)
  A gnoll (D:4)
  A dart slug (D:5)
  A giant cockroach (D:6)
4 creatures vanquished.

Vanquished Creatures (others)
  A killer bee (D:7)
  A hound (D:7)
2 creatures vanquished.

Grand Total: 280 creatures vanquished

Notes
Turn   | Place    | Note
-------+----------+-------------------------------------------
     0 | D:1      | DrEnzyme the Formicid Wanderer began the quest for the Orb.
     0 | D:1      | DrEnzyme set off with the following items: a +2 short
                  | sword, a potion of curing, a +0 robe, a +0 dagger, a
                  | ration; and the following spells available to memorise:
                  | Ensorcelled Hibernation, Throw Frost
     0 | D:1      | Reached XP level 1. HP: 15/15 MP: 4/4
   139 | D:1      | Reached XP level 2. HP: 20/21 MP: 6/6
   143 | D:1      | Learned a level 2 spell: Ensorcelled Hibernation
   146 | D:1      | Learned a level 2 spell: Throw Frost
   756 | D:1      | Reached XP level 3. HP: 11/26 MP: 6/8
  1191 | D:1      | Reached skill level 1 in Hexes
  1851 | D:2      | Reached XP level 4. HP: 32/32 MP: 6/9
  2697 | D:2      | Reached skill level 1 in Armour
  2816 | D:2      | Reached XP level 5. HP: 36/37 MP: 11/11
  2822 | D:2      | Found a runed translucent door.
  2823 | D:2      | Noticed Crazy Yiuf
  3309 | D:2      | Noticed Jessica
  3323 | D:2      | Killed Jessica
  3527 | D:2      | Found a runed translucent door.
  3732 | D:3      | Noticed an ogre
  4497 | D:3      | Found a basalt altar of Yredelemnul.
  4653 | D:3      | Reached XP level 6. HP: 28/43 MP: 7/12
  5188 | D:3      | Reached skill level 1 in Shields
  5350 | D:3      | Learned a level 1 spell: Confusing Touch
  5352 | D:3      | Learned a level 1 spell: Apportation
  5354 | D:3      | Learned a level 1 spell: Animate Skeleton
  6526 | D:4      | Reached skill level 1 in Ice Magic
  6526 | D:4      | Reached XP level 7. HP: 46/48 MP: 14/14
  7551 | D:5      | Entered Level 5 of the Dungeon
  7749 | D:5      | Reached skill level 5 in Spellcasting
  7929 | D:5      | Found a snail-covered altar of Cheibriados.
  8173 | D:5      | Found Buan's Magic Scroll Shoppe.
  8181 | D:5      | Bought a scroll of remove curse for 33 gold pieces
  8181 | D:5      | Bought a scroll of magic mapping for 38 gold pieces
  8181 | D:5      | Bought a scroll of identify for 22 gold pieces
  8181 | D:5      | Bought a scroll of identify for 22 gold pieces
  8181 | D:5      | Bought a scroll of identify for 22 gold pieces
  8181 | D:5      | Bought a scroll of identify for 22 gold pieces
  8506 | D:6      | Reached XP level 8. HP: 55/55 MP: 4/15
  8578 | D:6      | Found a sand-covered staircase.
  8584 | Ossuary  | Entered an ossuary
  9809 | D:6      | Found a bloodstained altar of Trog.
  9873 | D:6      | Found Ziech's Assorted Antiques.
  9876 | D:6      | Bought a scroll labeled CAUCYOT OMPUDO for 26 gold pieces
  9938 | D:6      | Found a staircase to the Ecumenical Temple.
 10096 | Temple   | Entered the Ecumenical Temple
 10336 | Temple   | Became a worshipper of the Shining One
 10443 | D:6      | Reached XP level 9. HP: 29/60 MP: 17/17
 10873 | D:6      | Reached skill level 5 in Short Blades
 10920 | D:6      | Upgraded the game from 0.25-a0-164-gb55e97d to
                  | 0.25-a0-166-g16436c4
 11395 | D:7      | Reached skill level 1 in Long Blades
 13042 | D:7      | Found Goytym's Food Emporium.
 13113 | D:8      | Reached skill level 5 in Hexes
 13490 | D:8      | Noticed a hippogriff
 13747 | D:7      | Reached XP level 10. HP: 35/71 MP: 19/19
 14135 | D:8      | Noticed a two-headed ogre
 14602 | D:8      | Noticed a two-headed ogre
 15143 | D:8      | Reached skill level 5 in Armour
 15143 | D:8      | Reached skill level 5 in Shields
 15621 | D:8      | Reached skill level 5 in Long Blades
 15758 | D:8      | Found a glowing silver altar of Zin.
 15759 | D:8      | Noticed an angel
 15935 | D:9      | Reached * piety under the Shining One
 17207 | D:9      | Reached skill level 5 in Fighting
 17892 | D:9      | Reached XP level 11. HP: 26/79 MP: 20/20
 18206 | D:9      | Found a shimmering blue altar of Sif Muna.
 18238 | D:9      | Found a staircase to the Lair.
 18253 | Lair:1   | Entered Level 1 of the Lair of Beasts
 18308 | D:9      | Slain by a komodo dragon

Levels and vault maps discovered:
D:1:      erik_arrival_gehennom, layout_rooms
D:2:      layout_rooms, serial_bayou_crossing, uniq_crazy_yiuf_cottage,
          uniq_jessica
D:3:      layout_basic, lemuel_zombie_altar_yredelemnul, solitary_fountain,
          minmay_box_of_dots
D:4:      layout_layer_cave
D:5:      layout_basic, serial_shops, shop, first_ration, minivault_24,
          kennysheep_slug_shrine
D:6:      layout_loops_ring, lemuel_doored_altar, temple_pool_b,
          enter_ossuary_3, serial_shops, nicolae_shop_window_shopping
D:7:      layout_basic, serial_shops, kennysheep_mini_moat
D:8:      layout_basic, zin_angel
D:9:      layout_roguey, led_sif_pool, lair_entry_dummy
Temple:   dpeg_five_rooms_temple
Lair:1:   layout_small_grid, wad_woods_road_03, grunt_megastairs_4,
          lemuel_fruit_fields

Skill      XL: |  1  2  3  4  5  6  7  8  9 10 |
---------------+-------------------------------+-----
Dodging        | 2 |  2.6
Hexes          | 1 2 3 5 |  5.0
Stealth        | 3 4 |  4.2
Spellcasting   | 4 5 6 |  6.2
Armour         | 1 2 3 4 5 |  5.7
Short Blades   | 2 4 5 |  5.7
Shields        | 1 3 4 6 |  6.7
Ice Magic      | 1 3 |  3.2
Fighting       | 3 5 |  5.4
Long Blades    | 3 6 |  6.9
Throwing       | |  0.2
Conjurations   | |  0.9
Necromancy     | |  0.9
Evocations     | |  1.1

Action                   |  1- 3 |  4- 6 |  7- 9 | 10-12 || total
-------------------------+-------+-------+-------+-------++-------
Melee: Short sword       |    73 |   238 |   281 |       ||   592
       Dagger            |       |       |   470 |       ||   470
       Long sword        |       |       |    54 |   251 ||   305
Throw: Dart              |       |     4 |     6 |    23 ||    33
 Cast: Ensorcelled Hiber |     6 |    27 |    28 |     3 ||    64
       Throw Frost       |     1 |    34 |     7 |    16 ||    58
       Animate Skeleton  |       |     3 |     7 |       ||    10
       Confusing Touch   |       |       |    21 |     5 ||    26
 Abil: Dig               |     2 |     5 |     5 |     5 ||    17
Evoke: Wand              |       |     4 |     2 |     4 ||    10
  Use: Potion            |     3 |       |     8 |     3 ||    14
       Scroll            |     1 |     6 |    14 |     1 ||    22
 Stab: Sleeping          |     3 |    16 |    13 |       ||    32
       Distracted        |       |       |     1 |       ||     1
       Confused          |       |       |     7 |       ||     7
  Eat: Chunk             |     1 |    15 |    19 |     7 ||    42
       Ration            |     1 |     1 |     2 |     3 ||     7
Armor: Robe              |     8 |    20 |       |       ||    28
       Leather armour    |       |     9 |   102 |    71 ||   182
       Skin              |       |       |    32 |       ||    32
Dodge: Dodged            |    50 |   128 |   191 |   101 ||   470
Block: Buckler           |       |     9 |   248 |   151 ||   408
       Reflection        |       |       |     3 |     1 ||     4
       Rpst.: Long sword |       |       |     7 |    27 ||    34

Table legend:
 A = Non-vault XP
 B = Vault XP
 C = Vault XP percentage of total XP
 D = Non-vault monster count
 E = Vault monster count
 F = Vault count percentage of total count
                 A         B        C        D         E       F
            +---------+---------+-------+---------+---------+-------
      Total |    7645 |     331 |   4.1 |     234 |      46 |  16.4
            +---------+---------+-------+---------+---------+-------
        D:1 |      35 |      18 |  34.0 |      22 |       5 |  18.5
        D:2 |     132 |      37 |  21.9 |      25 |       1 |   3.8
        D:3 |     140 |       7 |   4.8 |      34 |       4 |  10.5
        D:4 |     258 |       0 |   0.0 |      25 |       0 |   0.0
        D:5 |     376 |       3 |   0.8 |      14 |       1 |   6.7
        D:6 |     815 |       2 |   0.2 |      23 |       2 |   8.0
        D:7 |    1618 |       0 |   0.0 |      23 |       0 |   0.0
        D:8 |    1871 |       0 |   0.0 |      32 |       0 |   0.0
        D:9 |    2291 |       0 |   0.0 |      35 |       0 |   0.0
     Lair:1 |     109 |       0 |   0.0 |       1 |       0 |   0.0
    Ossuary |       0 |     264 | 100.0 |       0 |      33 | 100.0
            +---------+---------+-------+---------+---------+-------
